Map: Jagannatha LE

Players

TLHarstem (Harstem) - Winner!

  • Race: Protoss Protoss
  • League: Master
  • Spawn Location: 1:00

ShaDoWn

  • Race: Protoss Protoss
  • League: Master
  • Spawn Location: 7:00

Event: DreamHack SC2 Masters 2020 Winter

VOD

Have the link to the VOD?

Description

Time

  • Played on: Oct. 14, 2020, 2:13 p.m.
  • Length: 14:18

All games in this series

Show
View Real Time Build Order
Export as new Build Order

TLHarstem Protoss - Winner!

Build Orders:  

Get SALT Encoding   

  12  0:00  Probe  
  13  0:12  Probe  
  14  0:17  Pylon  
  14  0:24  Probe  
  15  0:36  Probe (Chrono Boost)  
  15  0:37  Gateway  
  16  0:47  Assimilator, Probe (Chrono Boost)  
  17  0:52  Probe (Chrono Boost)  
  18  0:57  Assimilator  
  18  1:03  Probe  
  19  1:09  Gateway  
  19  1:15  Probe (Chrono Boost)  
  20  1:24  Probe (Chrono Boost)  
  21  1:27  Cybernetics Core  
  21  1:29  Probe (Chrono Boost)  
  22  1:40  Pylon  
  22  1:41  Probe  
  23  1:58  Probe  
  23  2:01  Warp Gate (Chrono Boost)  
  24  2:03  Adept x2  
  24  2:06  Pylon  
  28  2:13  Probe  
  29  2:25  Probe  
  30  2:33  Sentry x2  
  34  2:47  Nexus  
  35  2:53  Pylon  
  34  2:59  Stalker  
  34  3:00  Probe  
  37  3:14  Probe  
  37  3:23  Shield Battery  
  37  3:26  Probe  
  38  3:28  Twilight Council  
  38  3:35  Stalker  
  38  3:37  Stalker  
  42  3:44  Probe  
  43  3:54  Pylon  
  43  3:56  Probe  
  43  4:01  Stalker x2  
  48  4:08  Probe x2 (Chrono Boost)  
  52  4:17  Probe (Chrono Boost)  
  52  4:19  Probe (Chrono Boost)  
  52  4:22  Probe  
  50  4:28  Probe  
  50  4:30  Forge  
  50  4:35  Probe  
  50  4:38  Blink  
  51  4:40  Probe  
  52  4:46  Stalker  
  52  4:47  Probe  
  55  4:53  Probe  
  55  4:57  Phoenix  
  55  4:59  Probe  
  57  5:03  Protoss Ground Weapons Level 1 (Chrono Boost)  
  57  5:05  Probe  
  57  5:11  Nexus, Probe  
  57  5:13  Pylon  
  58  5:15  Phoenix  
  58  5:17  Probe  
  59  5:23  Probe  
  60  5:29  Probe  
  60  5:30  Gateway x2  
  60  5:32  Robotics Facility  
  61  5:38  Probe  
  61  5:41  Pylon, Probe  
  63  5:44  Shield Battery  
  63  5:50  Probe  
  63  5:51  Stalker  
  63  5:53  Probe  
  63  5:54  Shield Battery  
  67  5:59  Stalker  
  67  6:03  Probe  
  70  6:04  Gateway  
  70  6:05  Probe  
  71  6:16  Photon Cannon, Probe  
  71  6:17  Assimilator  
  72  6:19  Observer (Chrono Boost)  
  72  6:23  Stalker  
  72  6:24  Probe  
  72  6:25  Pylon  
  76  6:26  Phoenix  
  76  6:27  Pylon  
  76  6:31  Probe  
  76  6:32  Probe  
  78  6:35  Observer (Chrono Boost)  
  78  6:36  Stalker x2  
  83  6:40  Probe  
  83  6:43  Probe  
  83  6:44  Stalker, Probe  
  87  6:47  Photon Cannon  
  87  6:51  Protoss Ground Weapons Level 2 (Chrono Boost)  
  87  6:58  Stalker  
  91  7:05  Nexus  
  91  7:07  Probe  
  90  7:09  Dark Shrine  
  90  7:12  Stalker  
  90  7:13  Probe  
  93  7:23  Gateway  
  93  7:25  Probe  
  93  7:29  Gateway  
  94  7:30  Assimilator, Gateway  
  94  7:32  Assimilator  
  94  7:34  Stalker x2  
  99  7:38  Probe  
  99  7:40  Warp Prism (Chrono Boost), Pylon  
  101  7:46  Probe  
  102  7:57  Probe  
  103  8:00  Probe  
  103  8:02  Gateway  
  103  8:04  Gateway, Zealot x4, Observer  
  112  8:08  Pylon  
  112  8:12  Probe  
  113  8:19  Probe  
  115  8:20  Robotics Bay, Probe x2  
  115  8:23  Pylon, Observer  
  115  8:24  Robotics Facility, Probe  
  118  8:28  Stalker  
  118  8:29  Stalker  
  118  8:32  Probe x2  
  124  8:40  Probe  
  124  8:41  Probe  
  126  8:45  Probe  
  127  8:51  Dark Templar  
  127  8:52  Dark Templar, Zealot  
  127  8:53  Zealot  
  127  8:54  Zealot x4  
  143  9:00  Photon Cannon, Probe  
  142  9:05  Photon Cannon  
  142  9:08  Disruptor (Chrono Boost)  
  116  9:14  Stalker x3  
  116  9:17  Protoss Ground Weapons Level 3 (Chrono Boost)  
  126  9:20  Stalker x2  
  126  9:22  Disruptor (Chrono Boost)  
  128  9:27  Probe  
  128  9:31  Assimilator  
  129  9:32  Assimilator, Pylon  
  129  9:33  Disruptor (Chrono Boost)  
  129  9:37  Shield Battery  
  133  9:38  Probe  
  133  9:40  Photon Cannon  
  133  9:45  Probe x2  
  134  9:51  Zealot x5  
  145  9:54  Zealot x2  
  145  9:56  Charge  
  141  10:03  Zealot x5  
  141  10:09  Pylon, Disruptor (Chrono Boost)  
  130  10:23  Stalker x3  
  130  10:24  Stalker x5  
  130  10:28  Dark Templar  
  146  10:35  Probe  
  147  10:37  Photon Cannon  
  147  10:39  Pylon x2  
  147  10:42  Disruptor (Chrono Boost)  
  150  10:47  Disruptor (Chrono Boost)  
  150  10:48  Zealot x3  
  150  10:49  Assimilator  
  148  11:06  Zealot x5  
  148  11:07  Zealot x2  
  162  11:14  Disruptor  
  161  11:19  Stalker x3  
  161  11:23  Stargate  
  161  11:24  Stargate  
  165  11:30  Stalker x2  
  165  11:31  Stalker x3  
  165  11:32  Protoss Air Weapons Level 1 (Chrono Boost)  
  145  11:47  Probe  
  145  11:52  Stalker x5  
  149  11:59  Zealot x5  
  149  12:00  Probe  
  149  12:01  Disruptor (Chrono Boost)  
  163  12:11  Fleet Beacon, Warp Prism (Chrono Boost)  
  163  12:16  Gravitic Drive  
  163  12:19  Nexus  
  159  12:27  Zealot x6  
  159  12:29  Disruptor  
  170  12:40  Pylon  
  170  12:48  Stalker x2  
  170  12:49  Stalker x2  
  170  12:50  Pylon  
  176  12:53  Disruptor  
  176  12:54  Pylon  
  174  13:05  Disruptor  
  174  13:12  Carrier x2 (Chrono Boost)  
  173  13:18  Stargate  
  183  13:28  Dark Templar x2, Zealot x3  
  183  13:29  Zealot x3  
  190  14:03  Stalker x5  
Show
View Real Time Build Order
Export as new Build Order

ShaDoWn Protoss 

Build Orders: Oracle Opening 

Get SALT Encoding   

  12  0:00  Probe  
  13  0:12  Probe  
  14  0:17  Pylon  
  14  0:24  Probe (Chrono Boost)  
  15  0:36  Probe (Chrono Boost)  
  15  0:37  Gateway  
  16  0:45  Probe (Chrono Boost)  
  16  0:46  Assimilator  
  17  0:51  Probe  
  17  0:55  Assimilator  
  18  1:03  Probe (Chrono Boost)  
  19  1:08  Gateway  
  19  1:13  Probe (Chrono Boost)  
  19  1:18  Probe (Chrono Boost)  
  20  1:25  Cybernetics Core  
  21  1:29  Probe  
  22  1:35  Pylon  
  22  1:41  Probe  
  23  1:53  Probe  
  24  2:01  Stargate  
  24  2:04  Warp Gate  
  24  2:05  Probe  
  25  2:08  Stalker  
  27  2:18  Stalker, Probe  
  30  2:25  Pylon  
  30  2:31  Probe  
  31  2:44  Oracle (Chrono Boost)  
  33  3:03  Nexus  
  33  3:11  Oracle (Chrono Boost)  
  33  3:19  Probe  
  37  3:23  Pylon  
  37  3:31  Probe  
  38  3:35  Twilight Council  
  38  3:44  Probe  
  39  3:52  Stalker x2  
  43  3:56  Probe  
  44  4:06  Pylon  
  44  4:08  Probe  
  43  4:17  Probe (Chrono Boost)  
  43  4:20  Probe (Chrono Boost)  
  42  4:26  Blink (Chrono Boost)  
  42  4:29  Probe (Chrono Boost)  
  43  4:33  Probe (Chrono Boost)  
  43  4:36  Probe (Chrono Boost)  
  43  4:38  Probe (Chrono Boost)  
  44  4:43  Probe  
  46  4:47  Probe  
  47  4:55  Stalker, Probe  
  47  4:59  Probe  
  51  5:07  Probe  
  51  5:11  Probe  
  51  5:13  Stalker  
  55  5:14  Assimilator  
  55  5:17  Forge  
  55  5:19  Probe  
  56  5:24  Stalker, Probe  
  56  5:31  Probe  
  57  5:36  Probe  
  57  5:41  Nexus  
  58  5:43  Probe  
  58  5:45  Stalker  
  58  5:48  Probe  
  62  5:50  Protoss Ground Weapons Level 1  
  62  5:54  Pylon  
  62  5:56  Probe  
  63  5:58  Stalker  
  63  6:00  Probe  
  66  6:08  Robotics Facility  
  66  6:13  Probe  
  66  6:14  Probe  
  66  6:17  Gateway x2  
  68  6:24  Sentry  
  70  6:26  Probe x2  
  72  6:35  Gateway  
  72  6:36  Gateway  
  72  6:38  Probe  
  72  6:39  Probe  
  74  6:46  Pylon  
  74  6:50  Probe  
  74  6:51  Probe  
  74  6:52  Probe  
  77  6:55  Immortal (Chrono Boost)  
  77  6:56  Shield Battery  
  81  7:02  Probe, Sentry  
  81  7:03  Probe  
  81  7:04  Probe  
  86  7:09  Photon Cannon  
  86  7:14  Assimilator, Probe  
  86  7:15  Assimilator  
  88  7:17  Assimilator  
  88  7:21  Stalker x2  
  92  7:25  Robotics Bay  
  91  7:31  Stalker, Sentry  
  91  7:33  Shield Battery  
  91  7:34  Probe  
  91  7:35  Probe  
  91  7:36  Probe  
  98  7:42  Pylon  
  98  7:46  Probe  
  98  7:49  Probe  
  100  7:57  Probe  
  99  7:58  Probe  
  99  8:00  Protoss Ground Weapons Level 2 (Chrono Boost)  
  99  8:01  Stalker x4  
  99  8:04  Pylon  
  108  8:10  Pylon  
  108  8:11  Photon Cannon  
  108  8:20  Gateway  
  108  8:21  Phoenix, Disruptor (Chrono Boost)  
  108  8:23  Gateway  
  108  8:25  Shield Battery  
  108  8:26  Charge, Gateway  
  111  8:33  Stalker  
  113  8:38  Nexus  
  113  8:41  Stalker x2  
  113  8:47  Disruptor (Chrono Boost)  
  117  8:51  Pylon  
  117  8:53  Zealot x2  
  98  9:12  Stalker x4  
  103  9:20  Photon Cannon, Disruptor  
  103  9:21  Shield Battery  
  106  9:24  Stalker x4  
  114  9:36  Pylon  
  114  9:39  Stalker  
  114  9:40  Stalker x3  
  122  9:47  Phoenix  
  122  9:53  Pylon  
  115  10:08  Stalker x4  
  112  10:22  Probe  
  112  10:23  Stalker x4  
  112  10:25  Disruptor  
  124  10:29  Probe  
  124  10:33  Pylon x2  
  125  10:40  Nexus  
  125  10:41  Pylon  
  125  10:46  Pylon  
  125  10:51  Probe  
  126  10:57  Probe  
  126  10:58  Probe  
  126  10:59  Assimilator  
  126  11:03  Assimilator  
  126  11:04  Probe  
  123  11:06  Stalker x7  
  123  11:09  Disruptor  
  133  11:19  Probe  
  134  11:28  Robotics Facility  
  134  11:31  Stalker x5  
  109  11:42  Zealot x3  
  109  11:45  Observer  
  97  11:58  Stalker x5  
  97  12:00  Probe x2  
  97  12:01  Probe  
  110  12:07  Probe  
  111  12:12  Disruptor x2 (Chrono Boost), Probe x2  
  116  12:27  Stalker x5  
  119  12:31  Shield Battery  
  119  12:33  Shield Battery  
  119  12:35  Stalker x2  
  123  12:40  Probe x2  
  123  12:41  Disruptor  
  112  12:47  Stalker  
  112  12:50  Probe  
  109  12:58  Stalker x6  
  109  13:00  Probe  
  109  13:03  Disruptor  
  116  13:15  Stalker x2  
  116  13:16  Disruptor  
  117  13:27  Stalker x2  
  117  13:28  Stalker x4  
  125  13:42  Stalker  
  125  13:43  Stalker  
  103  13:58  Stalker x2  
  86  14:10  Zealot x6  
Tags
 
Add a new tag
Caveats
  • Supply blocks, unpowered buildings, or Contaminate may cause inaccurate times.
  • Supply counts are checked every 10 seconds.